 Dungeon Crawl Stone Soup version 0.17.2-1-ge4368a0 (webtiles) character file.

71 Goblin1989 the Sneak (level 4, 0/22 HPs)
             Began as a Spriggan Assassin on Sept 29, 2016.
             Was an Initiate of Dithmenos.
             Slain by an orc
             ... wielding a +0 short sword
              (2 damage)
             ... on level 3 of the Dungeon.
             The game lasted 00:04:44 (1102 turns).

Goblin1989 the Sneak (Spriggan Assassin)            Turns: 1102, Time: 00:04:44

Health: 0/22       AC:  3    Str:  7    XL:     4   Next: 5%
Magic:  5/5        EV: 19    Int: 12    God:    Dithmenos [......]
Gold:   105        SH:  0    Dex: 18    Spells: 0 memorised, 3 levels left

rFire  . . .     SeeInvis +     q - +0 blowgun {@w1}
rCold  . . .     Clarity  .     c - +0 robe
rNeg   . . .     SustAt   .     (shield restricted)
rPois  .         Gourm    .     (helmet restricted)
rElec  .         Spirit   .     d - +0 cloak
rCorr  .         Warding  .     (gloves unavailable)
rMut   .         Stasis   .     (boots unavailable)
MR     .....                    (no amulet)
Stlth  ++++......               (no ring)
                                (no ring)

@: very quick, not resistant to hostile enchantments, stealthy
A: unfitting armour, see invisible, herbivore 3, speed 3, slow metabolism 2
a: Renounce Religion


You were on level 3 of the Dungeon.
You worshipped Dithmenos.
Dithmenos was noncommittal.
You were not hungry.

You visited 1 branch of the dungeon, and saw 3 of its levels.

You collected 105 gold pieces.

Inventory:

Hand Weapons
 a - a +2 dagger
 q - a +0 blowgun (weapon) {@w1}
Missiles
 e - 35 poisoned needles (quivered)
 f - a curare-tipped needle
Armour
 c - a +0 robe (worn)
 d - a +0 cloak (worn)
Scrolls
 b - a scroll of enchant weapon {unknown}
 h - 2 scrolls of fear {unknown}
 i - a scroll of random uselessness {unknown}
 k - 3 scrolls of remove curse {unknown}
 l - 5 scrolls of identify {unknown}
 o - a scroll of magic mapping {unknown}
 p - a scroll of immolation {unknown}
 s - a scroll of noise {unknown}
 u - a scroll of fog {unknown}
Potions
 j - 2 potions of ambrosia {unknown}
 m - 2 potions of lignification {unknown}
 n - a potion of magic {unknown}
 r - a potion of haste {unknown}
 t - a potion of curing {unknown}
Comestibles
 g - a bread ration


   Skills:
 - Level 1.5 Fighting
 * Level 3.4 Short Blades
 - Level 2.0 Throwing
 + Level 3.4 Dodging
 + Level 6.6 Stealth


You had 3 spell levels left.
You didn't know any spells.

Dungeon Overview and Level Annotations

Branches:
Dungeon (3/15)

Altars:
Dithmenos

Annotations:
D:2 exclusion: Sigmund, Sigmund


Innate Abilities, Weirdness & Mutations

You are tiny and cannot use many weapons and most armour.
You have supernaturally acute eyesight.
You are a herbivore.
You cover ground extremely quickly.
You need consume almost no food.


Message History

* * * LOW HITPOINT WARNING * * *
You closely miss the orc priest.
The orc priest is moderately wounded.
The orc barely misses you.
Unknown command.
Drink which item? (? for menu, Esc to quit)
Okay, then.
You are now empty-handed.
The orc priest misses you.
Wield which item (- for none, * to show all)? (? for menu, Esc to quit)
q - a +0 blowgun (weapon)
{@w1} The orc completely misses you.
Fire/throw which item? (* to show all) (? for menu, Esc to quit)
Press: ? - help, Shift-Dir - straight line, f - orc priest
Aim: an orc priest, wielding a dagger and wearing a ring mail (moderately wounded)
You shoot a curare-tipped needle.
The curare-tipped needle closely misses the orc priest.
The orc priest hits you with a dagger.
* * * LOW HITPOINT WARNING * * *
The orc hits you with a short sword.
You die...

..............
.ਜ..ਜ.ਜਜਜਜਜਜ....(.
..ਜ.ਜ.ਜਜਜ ..?ਜਜ .ਜਜ.....ਜ
....ਜਜ▲ਜ
ਜਜਜ.ਜ.ਜ[ਜਜਜਜਜਜਜ......ਜ
..................).ਜ
ਜਜਜ..........ਜ ਜ...ਜ
ਜਜ.......ਜਜਜ†ਜ ਜoo.ਜ
ਜਜ...ਜਜਜ.ਜਜਜ.ਜਜਜ@..ਜ
.....ਜ ਜ.....<.)...ਜ
ਜ....ਜ ਜਜਜਜਜ.ਜਜਜਜ..ਜ
...ਜ.ਜ ਜਜਜਜ...ਜਜਜ..ਜਜਜਜਜਜ
...........>..........$..
...ਜ.ਜਜਜਜਜਜ...ਜਜਜ........
.....ਜ ਜਜ.ਜਜ ਜਜ.ਜਜਜਜਜਜ
ਜਜਜਜ.. .... .ਜ . ਜ ਜਜਜ.ਜ
ਜਜ


You could see an orc priest and an orc.

Vanquished Creatures
  2 adders (D:2)
  2 giant geckos
  3 orcs (D:3)
  7 bats
  7 goblins
  8 hobgoblins
  4 kobolds
  A quokka (D:2)
  2 giant cockroaches
  3 giant newts (D:1)
  3 jackals (D:1)
  2 rats (D:1)
44 creatures vanquished.

Notes
Turn   | Place    | Note
--------------------------------------------------------------
     0 | D:1      | Goblin1989 the Spriggan Assassin began the quest for the Orb.
     0 | D:1      | Reached XP level 1. HP: 10/10 MP: 2/2
    70 | D:1      | Reached XP level 2. HP: 12/14 MP: 3/3
   115 | D:1      | Reached skill level 6 in Stealth
   633 | D:1      | Reached XP level 3. HP: 18/18 MP: 4/4
   810 | D:2      | Found a shadowy altar of Dithmenos.
   817 | D:2      | Became a worshipper of Dithmenos the Shadowed
  1015 | D:2      | Noticed Sigmund
  1084 | D:3      | Reached XP level 4. HP: 20/22 MP: 5/5
  1102 | D:3      | Slain by an orc

Action                   |  1- 3 |  4- 6 || total
-------------------------+-------+-------++-------
Melee: Dagger            |   109 |    13 ||   122
 Fire: Blowgun           |       |     1 ||     1
 Stab: Sleeping          |    21 |       ||    21

Vault maps used:
D:1:      zelgadis_glass_arrival_small, solitary_fountain
D:2:      nicolae_dithmenos_shadow_blocks, uniq_sigmund
D:3:      first_bread, minmay_misc_feat_pillars, minmay_liquid_box, uniq_robin
